Map: [ESL] Alcyone

Players

Has

  • Race: Protoss Protoss
  • Spawn Location: 7:00

Coffee - Winner!

  • Race: Terran Terran
  • Spawn Location: 1:00

Event: ESL SC2 Masters 2023 Winter (Regional)

VOD

Have the link to the VOD?

Description

Time

  • Played on: Nov. 5, 2023, 6:22 a.m.
  • Length: 7:59

All games in this series

Show
View Real Time Build Order
Export as new Build Order

Has Protoss 

Build Orders: 1 Gate Expand, Colossus Rush 

Get SALT Encoding   

  12  0:00  Probe  
  13  0:12  Probe  
  14  0:18  Pylon  
  14  0:24  Probe (Chrono Boost)  
  15  0:36  Probe (Chrono Boost)  
  15  0:37  Gateway  
  15  0:42  Assimilator  
  16  0:46  Probe (Chrono Boost)  
  17  0:52  Probe  
  17  0:55  Assimilator  
  18  1:04  Probe  
  19  1:17  Probe  
  20  1:25  Cybernetics Core  
  20  1:37  Nexus  
  20  1:45  Pylon  
  20  1:48  Probe  
  21  1:59  Stalker (Chrono Boost)  
  21  2:07  Robotics Facility  
  23  2:09  Probe  
  24  2:19  Warp Gate  
  24  2:21  Pylon  
  24  2:24  Probe  
  25  2:33  Stalker  
  25  2:36  Probe  
  28  2:48  Shield Battery, Probe  
  29  2:51  Probe  
  30  2:59  Observer (Chrono Boost)  
  30  3:01  Probe  
  30  3:04  Probe  
  32  3:15  Stalker  
  36  3:24  Twilight Council, Immortal (Chrono Boost)  
  34  3:28  Probe  
  34  3:31  Probe  
  40  3:42  Gateway  
  40  3:43  Gateway  
  40  3:44  Probe  
  40  3:46  Probe  
  42  3:55  Warp Prism (Chrono Boost)  
  42  4:00  Probe x2  
  42  4:12  Probe x2  
  42  4:24  Probe x2, Charge  
  44  4:36  Nexus, Probe  
  44  4:37  Probe  
  46  4:39  Pylon  
  46  4:46  Robotics Bay  
  46  4:49  Probe  
  46  4:50  Pylon  
  46  4:51  Probe  
  48  4:59  Sentry  
  50  5:01  Assimilator, Probe  
  50  5:06  Probe  
  52  5:11  Stalker x2  
  52  5:13  Probe  
  54  5:18  Probe  
  55  5:25  Probe  
  55  5:27  Pylon  
  56  5:30  Colossus (Chrono Boost)  
  64  5:45  Zealot  
  64  5:46  Zealot x2, Pylon  
  68  5:52  Shield Battery  
  68  5:54  Shield Battery  
  68  6:07  Zealot x2  
  67  6:14  Probe x2, Colossus (Chrono Boost)  
  57  6:26  Probe  
  57  6:31  Zealot x3  
  57  6:32  Probe  
  50  6:36  Probe  
  38  6:57  Zealot x3  
  44  7:07  Gateway  
  44  7:18  Zealot  
  44  7:19  Zealot x2  
  50  7:28  Observer  
  50  7:34  Probe x2  
  44  7:39  Zealot x3  
  50  7:46  Probe  
Show
View Real Time Build Order
Export as new Build Order

Coffee Terran - Winner!

Build Orders: Gas First Reaper Expand, Liberator Opening 

Get SALT Encoding   

  12  0:00  SCV  
  13  0:12  SCV  
  14  0:17  Supply Depot  
  14  0:24  SCV  
  14  0:27  Refinery  
  15  0:38  SCV  
  16  0:43  Barracks  
  16  0:50  SCV  
  17  1:03  SCV  
  18  1:15  SCV  
  19  1:30  Orbital Command, Reaper  
  20  1:44  Command Center  
  20  1:51  Factory  
  20  1:56  SCV  
  21  2:02  Supply Depot  
  21  2:06  Barracks Reactor  
  21  2:09  SCV  
  21  2:12  Refinery  
  22  2:21  SCV  
  23  2:33  Bunker  
  23  2:34  SCV  
  26  2:43  Starport  
  26  2:44  Hellion, Marine x2  
  26  2:49  SCV  
  29  2:56  Orbital Command  
  29  3:01  SCV  
  30  3:13  Barracks Tech Lab  
  30  3:15  Hellion x2  
  30  3:17  Orbital Command  
  30  3:18  SCV  
  35  3:25  Liberator  
  38  3:30  SCV  
  39  3:42  SCV  
  39  3:44  Bunker, Marine  
  39  3:45  Siege Tank, Marine  
  45  3:50  SCV  
  45  3:54  Barracks  
  46  3:58  Supply Depot  
  46  4:10  Starport Tech Lab, SCV x2  
  46  4:12  Marine  
  45  4:18  Viking  
  45  4:20  Siege Tank  
  49  4:24  SCV x2  
  49  4:25  Supply Depot  
  49  4:26  Marine  
  49  4:30  Marine  
  53  4:35  Supply Depot  
  53  4:36  SCV x2  
  53  4:39  Bunker  
  53  4:42  Barracks Tech Lab  
  53  4:47  Marine  
  53  4:48  SCV x2, Marine  
  57  4:55  Siege Tank  
  59  5:05  Medivac  
  59  5:07  Marine x2  
  59  5:09  Marine  
  59  5:12  SCV x2  
  63  5:25  Marine x2  
  63  5:26  Bunker, SCV, Marine  
  63  5:27  SCV, Supply Depot  
  68  5:40  Viking  
  70  5:48  Siege Tank, SCV x2, Marine x2  
  77  5:50  Refinery  
  77  5:51  Supply Depot x2  
  77  5:52  Stimpack  
  77  5:55  Supply Depot  
  77  5:56  Engineering Bay  
  77  6:06  Marine x2  
  77  6:14  Marine  
  77  6:15  Bunker  
  66  6:28  Marine  
  62  6:33  Marine  
  62  6:41  Marine  
  62  6:45  Bunker  
  62  6:47  Bunker, SCV x2  
  62  6:48  Siege Tank  
  62  6:49  Viking  
  67  6:55  Marine x2  
  67  6:58  Marine  
  67  6:59  SCV x2  
  71  7:11  SCV x2  
  71  7:12  Marine x2  
  75  7:16  Marine  
  79  7:23  SCV x2  
  81  7:30  Marine x2  
  81  7:34  Marine  
  81  7:35  SCV x2  
  79  7:52  Barracks  
  79  7:57  Supply Depot  
Tags
 
Add a new tag
Caveats
  • Supply blocks, unpowered buildings, or Contaminate may cause inaccurate times.
  • Supply counts are checked every 10 seconds.